 Dungeon Crawl Stone Soup version 0.22-a0-422-g9628fc8 (webtiles) character file.

32 4thArraOfDagon the Magician (level 3, -3/24 HPs)
             Began as a Mummy Fire Elementalist on May 16, 2018.
             Slain by Sigmund
             ... wielding a +0 scythe
              (11 damage)
             ... on level 5 of the Dungeon.
             The game lasted 00:01:54 (544 turns).

4thArraOfDagon the Magician (MuFE)                   Turns: 544, Time: 00:01:56

Health: -3/24      AC:  3    Str: 11    XL:     3   Next: 8%
Magic:  2/7        EV: 12    Int: 15    God:
Gold:   27         SH:  0    Dex: 12    Spells: 4/8 levels left

rFire    x . .     SeeInvis .   d - +0 short sword
rCold    + . .     Gourm    .   (no shield)
rNeg     + + +     Faith    .   a - +0 robe
rPois    ∞         Spirit   .   (no helmet)
rElec    .         Reflect  .   (no cloak)
rCorr    .         Harm     .   c - +0 pair of gloves
MR       .....                  (no boots)
Stlth    ++........             (no amulet)
HPRegen  0.08/turn              (no ring)
MPRegen  0.10/turn              (no ring)

@: no status effects
A: no food or potions, fire vulnerability, cold resistance 1, negative energy
resistance 3, torment resistance, unbreathing
a: no special abilities


You were on level 5 of the Dungeon.
You were not hungry.

You visited 1 branch of the dungeon, and saw 5 of its levels.

You collected 27 gold pieces.

Inventory:

Hand Weapons
 d - a +0 short sword (weapon)
Armour
 a - a +0 robe (worn)
 c - a +0 pair of gloves (worn)
Scrolls
 b - a scroll of blinking {unknown}
 e - a scroll of identify {unknown}
 f - a scroll of enchant armour {unknown}
 g - 3 scrolls of remove curse {unknown}
 h - a scroll of enchant weapon {unknown}
 i - a scroll of magic mapping {unknown}


   Skills:
 - Level 1.5 Dodging
 - Level 1.5 Stealth
 + Level 3.1 Spellcasting
 * Level 1.6 Conjurations
 * Level 2.9 Fire Magic


You had 4 spell levels left.
You knew the following spells:

 Your Spells              Type           Power        Failure   Level  Hunger
a - Flame Tongue          Conj/Fire      #....        8%          1    N/A
b - Conjure Flame         Conj/Fire      #.......     24%         3    N/A

Your spell library contained the following spells:

 Spells                   Type           Power        Failure   Level  Hunger
 Fireball                 Conj/Fire      #.........   91%         5    N/A
 Throw Flame              Conj/Fire      #.....       12%         2    N/A
 Sticky Flame             Conj/Fire      #.......     61%         4    N/A
 Inner Flame              Hex/Fire       #.......     32%         3    N/A

Dungeon Overview and Level Annotations

Branches:
Dungeon (5/15)
 Temple: D:4-7

Altars:
Gozag

Annotations:
D:2 Natasha
D:5 Sigmund


Innate Abilities, Weirdness & Mutations

You do not eat or drink.
Your flesh is vulnerable to fire.
You are immune to poison.
Your flesh is cold resistant. (rC+)
You are immune to negative energy. (rN+++)
You are immune to unholy pain and torment.
You can survive without breathing.


Message History

A frilled lizard comes into view.
The frilled lizard hisses angrily.
Unknown command.
Unknown command.
Your magical contamination has completely faded away.
Unknown command.
Unknown command.
There is a stone staircase leading down here.
Unknown command.
The orc hits you with a short sword.
You climb downwards.
You hear the hiss of flowing sand.
There is an entrance to an ossuary on this level.
Hurry and find it before the portal is buried!
Sigmund the Dreaded comes into view.
He is wielding a scythe.
Found 10 gold pieces.
Found an escape hatch in the floor.
There is a stone staircase leading up here.
Unknown command.
Sigmund shouts!
Sigmund hits you from afar with a scythe!
You die...

####### #.....#
###.....#
####....>..+
....$.o.@..####
#....#<........
#.##..@#######.
###.# ... #...
..... ##....
......


You could see Sigmund and an orc.

Vanquished Creatures
  An adder (D:2)
  2 leopard geckos (D:2)
  An orc (D:3)
  A giant cockroach (D:2)
  4 hobgoblins
  A kobold (D:1)
  A ball python (D:2)
  2 bats
  5 frilled lizards (D:1)
  2 rats
20 creatures vanquished.

Notes
Turn   | Place    | Note
-------+----------+-------------------------------------------
     0 | D:1      | 4thArraOfDagon the Mummy Fire Elementalist began the quest for the Orb.
     0 | D:1      | Reached XP level 1. HP: 13/13 MP: 4/4
    85 | D:1      | Reached skill level 1 in Conjurations
   240 | D:1      | Reached XP level 2. HP: 16/19 MP: 1/5
   337 | D:2      | Found an opulent altar of Gozag.
   345 | D:2      | Reached skill level 3 in Spellcasting
   411 | D:2      | Noticed Natasha
   489 | D:2      | Reached XP level 3. HP: 12/24 MP: 0/7
   494 | D:2      | Learned a level 3 spell: Conjure Flame
   543 | D:5      | Entered Level 5 of the Dungeon
   543 | D:5      | Noticed Sigmund
   544 | D:5      | Slain by Sigmund

Vault maps used:
D:1:      matt_arrival_diagonals, corexii_item_surrounded_by_moat, st_stairs_8,
          grunt_decor_mini_mirrors, roderic_roman_lattice
D:2:      old_standard_altar, uniq_natasha
D:3:      uniq_terence
D:4:      old_standard_altar, minmay_temple_entry_junction, first_ration,
          uniq_pikel
D:5:      kennysheep_mini, nicolae_overflow_crystal_walls,
          nicolae_ossuary_entry_plus, serial_shops, nicolae_shop_statue_plus,
          uniq_sigmund

Skill      XL: |  1  2 |
---------------+-------+-----
Conjurations   | 1 |  1.6
Spellcasting   | 3 |  3.1
Dodging        | |  1.5
Stealth        | |  1.5
Fire Magic     | |  2.9

Action                   || total
-------------------------++-------
Melee: Short sword       ||    16
 Cast: Flame Tongue      ||    33
Armor: Robe              ||     4
Dodge: Dodged            ||    16

Table legend:
 A = Spawn XP
 B = Non-spawn XP
 C = Spawn XP percentage of total XP
 D = Spawn monster count
 E = Non-spawn monster count
 F = Spawn count percentage of total count
 G = Total turns spent on level
                    A         B        C        D         E        F      G
               +---------+---------+-------+---------+---------+-------+---------
         Total |       0 |      46 |   0.0 |       0 |      20 |   0.0 |   544
               +---------+---------+-------+---------+---------+-------+---------
           D:1 |       0 |      13 |   0.0 |       0 |      10 |   0.0 |   262
           D:2 |       0 |      30 |   0.0 |       0 |       9 |   0.0 |   254
           D:3 |       0 |       3 |   0.0 |       0 |       1 |   0.0 |    17
               +---------+---------+-------+---------+---------+-------+---------
